 Dungeon Crawl Stone Soup version 0.19-a0-1895-g783e625 (webtiles) character file.

70078 Gruud the Commander (level 14, -9/115 HPs)
             Began as a Demonspawn Assassin on Oct 12, 2016.
             Was a High Priest of Okawaru.
             Hit by a silver javelin thrown by a merfolk javelineer (14 damage)
             ... on level 1 of the Shoals on Oct 18, 2016.
             The game lasted 01:53:58 (18313 turns).

Gruud the Commander (Demonspawn Assassin)          Turns: 18313, Time: 01:53:59

Health: -9/115     AC: 22    Str: 15    XL:     14   Next: 92%
Magic:  26/26      EV: 18    Int: 23    God:    Okawaru [*****.]
Gold:   950        SH:  0    Dex: 19    Spells: 3 memorised, 7 levels left

rFire  + . .     SeeInvis .       - Unarmed
rCold  . . .     Gourm    +     Z - +4 ring mail of the Turtle {rF+}
rNeg   . . .     Faith    .     (no shield)
rPois  +         Spirit   .     D - +2 hat {Int+3}
rElec  +         Reflect  .     w - +2 cloak {+Inv}
rCorr  .         Harm     .     (gloves unavailable)
MR     ++...                    S - +2 pair of boots
Stlth  ++........               j - amulet of the gourmand
                                K - ring "Ishrilao" {rElec rPois Str+4 Int+4}
                                z - ring of protection from magic

@: no status effects
A: claws 3, talons 1, iridescent scales 2, agile 1, foul stench 1, high mp 1,
mutation resistance 1, shaggy fur 1, spiny 2, wild magic 1, rot immunity
a: Heroism, Finesse, Renounce Religion, Evoke Invisibility


You were on level 1 of the Shoals.
You worshipped Okawaru.
Okawaru was extremely pleased with you.
You were very full.

You visited 4 branches of the dungeon, and saw 21 of its levels.

You collected 1992 gold pieces.
You spent 1042 gold pieces at shops.

Inventory:

Hand Weapons
 b - a +4 blowgun
 n - the +3 sling "Punk" {acid, rCorr}
   (You found it on level 6 of the Lair of Beasts)

   It protects you from acid and corrosion.
 A - the +1 dagger of Fintam {elec, rElec MR- Int+7}
   (Okawaru gifted it to you on level 1 of the Orcish Mines)

   Occasionally, upon striking a foe, it will discharge some electrical energy
   and cause terrible harm.
   It affects your intelligence (+7).
   It insulates you from electricity.
   It affects your resistance to hostile enchantments.
Missiles
 e - 66 poisoned needles
 f - 11 curare-tipped needles
 p - 7 needles of frenzy
 F - 80 stones
 H - 4 throwing nets (quivered)
 P - 5 tomahawks of dispersal
Armour
 c - a +1 shield of reflection
 s - a +0 troll leather armour
 w - a +2 cloak of invisibility (worn)
 D - a +2 hat of intelligence (worn)
 Q - the +6 ring mail of Lemnu {rCorr}
   (Okawaru gifted it to you on level 9 of the Dungeon)

   It protects you from acid and corrosion.
 S - a +2 pair of boots (worn)
 U - the +1 cloak of the Pink Corner {Str+3}
   (You found it on level 11 of the Dungeon)

   It affects your strength (+3).
 Z - the +4 ring mail of the Turtle (worn) {rF+}
   (You bought it in a shop on level 2 of the Orcish Mines)

   It protects you from fire.
Jewellery
 j - an amulet of the gourmand (around neck)
 y - an uncursed ring of protection from cold
 z - a ring of protection from magic (left claw)
 C - an uncursed ring of protection from magic
 K - the ring "Ishrilao" (right claw) {rElec rPois Str+4 Int+4}
   (You found it on level 2 of the Lair of Beasts)

   [ring of intelligence]

   It affects your strength (+4).
   It affects your intelligence (+4).
   It insulates you from electricity.
   It protects you from poison.
Wands
 d - a wand of lightning (9/15)
 o - a wand of digging (10/24)
 x - a wand of lightning (8/15)
 G - a wand of disintegration (12/24)
 J - a wand of disintegration (9/24)
 N - a wand of acid (6/15)
 Y - a wand of paralysis (11/24)
Scrolls
 a - a scroll of fog
 t - 5 scrolls of remove curse
 v - 3 scrolls of blinking
 M - a scroll of immolation
 O - 6 scrolls of teleportation
 R - 3 scrolls of recharging
 X - 2 scrolls of magic mapping
Potions
 g - a potion of cure mutation
 h - a potion of ambrosia
 i - 2 potions of flight
 l - 4 potions of might
 q - 3 potions of agility
 r - 9 potions of curing
 B - a potion of berserk rage
 E - 2 potions of magic
 I - 6 potions of haste
 L - 3 potions of mutation
 T - a potion of heal wounds
 V - 2 potions of brilliance
 W - a potion of invisibility
Comestibles
 k - 12 meat rations
 m - 8 slices of pizza
 u - 9 bread rations


   Skills:
 + Level 12.1 Fighting
 - Level 1.7 Short Blades
 - Level 1.7 Throwing
 + Level 9.7 Dodging
 - Level 3.6 Stealth
 - Level 13.6 Unarmed Combat
 - Level 13.8 Invocations
 * Level 11.0 Evocations


You had 7 spell levels left.
You knew the following spells:

 Your Spells              Type           Power        Failure   Level  Hunger
a - Swiftness             Chrm/Air       #.......     56%         2    ###....
b - Repel Missiles        Chrm/Air       #.....       56%         2    ###....
c - Blink                 Tloc           N/A          56%         2    ###....


Dungeon Overview and Level Annotations

Branches:
Dungeon (12/15)            Temple (0/1) D:6            Lair (6/6) D:8
 Shoals (1/4) Lair:3       Spider (0/4) Lair:2        Slime (0/5) Lair:5
    Orc (2/2) D:10            Elf (0/3) Orc:2

Altars:
Cheibriados
Elyvilon
Gozag
Nemelex Xobeh
Okawaru
Qazlal
Uskayaw
Vehumet
Zin

Shops:
D:7 (   D:8 !   D:10 !   D:12 *   Orc:1 (   Orc:2 (*:[

Annotations:
D:4 Armakuni's ghost, novice VSFi


Innate Abilities, Weirdness & Mutations

You have claws for hands.
You are mostly covered in iridescent scales. (AC +4)
You may emit foul miasma when damaged in melee.
You are mostly covered in sharp spines.
You are immune to rotting.
You have sharp toenails.
You are agile. (Dex +2)
You have an increased reservoir of magic. (+10% MP)
You are somewhat resistant to further mutation.
You are covered in fur. (AC +1)
Your spells are a little harder to cast, but a little more powerful.


Message History

The silver sears you!
* * * LOW HITPOINT WARNING * * *
You hear a splash.
You see here 2 silver javelins.
The merfolk javelineer throws a silver javelin.
The silver javelin hits you.
* * * LOW HITPOINT WARNING * * *
The silver sears you!
* * * LOW HITPOINT WARNING * * *
You hear a splash.
A merfolk and a siren come into view.
You see here a silver javelin.
The merfolk javelineer throws a silver javelin.
The silver javelin closely misses you.
The siren chants a haunting song.
You easily resist.
There is a staircase back to the Lair here.
The merfolk javelineer throws a silver javelin.
The silver javelin hits you!
You die...

,,,,,≈≈≈P≈≈≈≈P≈≈≈≈≈≈≈≈≈≈≈≈≈≈≈≈≈*
,,,*,≈≈≈≈≈≈≈≈≈≈≈≈≈≈≈≈≈≈≈≈≈≈≈≈≈≈*
,,***,≈≈≈≈≈≈≈≈≈≈≈≈≈≈≈≈≈≈≈≈≈≈≈≈≈*
,,* *,,≈≈≈≈≈≈≈≈≈≈.≈≈≈≈≈≈≈≈≈≈≈≈≈*
≈,* *,≈≈≈≈≈≈≈≈≈≈...,,≈≈≈≈≈≈≈≈≈≈*
≈,***,≈≈≈≈≈≈≈≈≈≈.#*,,,≈≈≈≈≈≈≈≈≈*
,,,,,≈≈≈≈P≈≈≈≈≈≈.#**,≈≈≈≈≈≈≈≈≈≈*
,,,*,,≈≈≈≈≈≈≈≈.≈)###.≈≈≈≈≈≈≈≈≈≈*
,,***,≈≈≈≈≈≈≈≈..@...≈≈≈≈≈≈≈≈≈≈≈*
*** **.≈≈≈≈≈≈≈.#...≈≈≈≈≈≈≈≈≈≈≈≈*
* *.≈≈≈≈≈≈≈.....≈≈≈≈≈≈≈≈≈≈≈≈*
*#≈≈≈≈≈≈≈(≈≈≈≈≈≈≈≈≈≈≈≈≈≈≈≈*
*..≈≈≈≈≈(≈≈≈≈≈≈≈≈≈≈≈≈≈≈≈≈≈*
*.≈≈≈≈≈≈m≈≈≈≈≈≈≈≈≈≈≈≈≈≈≈≈≈*
***.≈≈≈≈≈≈≈≈≈≈≈≈≈≈≈≈≈≈≈≈≈≈≈≈* *
**,,.≈≈≈m≈≈≈≈≈≈≈≈≈≈≈≈≈≈≈≈≈≈≈≈*
***,,≈≈≈≈≈≈≈≈≈≈≈≈≈≈≈≈≈≈≈≈≈≈≈≈≈≈*


You could see a merfolk javelineer and a siren.

Vanquished Creatures
  Frances (D:12)
  An orc warlord (Orc:2)
  6 dire elephants (Lair:6)
  Snorg (D:12)
  Josephine (D:10)
  Harold (D:12)
  2 hydras
  A catoblepas (Lair:3)
  A centaur warrior (D:10)
  A merfolk aquamancer (Shoals:1)
  An anaconda (Lair:6)
  The ghost of anet the Slasher, a journeyman HEWz of Ashenzari (Orc:1)
  2 orc high priests (Orc:2)
  5 skeletal warriors (D:11)
  An unseen horror (D:10)
  3 hill giants
  3 orc knights
  6 orc sorcerers
  2 oklob plants (Lair:4)
  4 ugly things
  3 cyclopes
  Maurice (D:12)
  5 black mambas
  4 elephants (Lair:6)
  9 spiny frogs
  3 rime drakes
  11 komodo dragons
  4 jumping spiders (Lair:2)
  A polar bear (Lair:5)
  A two-headed ogre (D:12)
  3 slime creatures
  5 trolls
  10 blink frogs
  6 hippogriffs
  2 redbacks (Lair:2)
  Sigmund (D:4)
  8 wraiths
  4 water elementals (Shoals:1)
  60 yaks
  A human (D:10)
  3 hogs (D:10)
  A wyvern (D:11)
  2 vampire mosquitoes
  5 basilisks
  A steam dragon (Lair:6)
  2 hungry ghosts
  6 wargs
  2 mottled dragons
  Edmund (D:4)
  8 porcupines
  11 water moccasins
  A swamp drake (Lair:6)
  5 sky beasts
  A hornet zombie (D:10)
  4 ice beasts
  29 orc warriors
  11 ogres
  2 phantoms
  3 black bears
  3 wolves (Lair:2)
  5 centaurs
  18 crocodiles
  15 bullfrogs
  A gnoll sergeant (D:10)
  2 scorpions (D:12)
  5 killer bees (D:12)
  3 electric eels
  A howler monkey (D:4)
  6 crimson imps
  2 bullfrog zombies
  A centaur zombie (D:12)
  A quasit (D:12)
  7 orc priests
  8 jellies
  10 orc wizards
  4 centaur skeletons
  8 hounds
  4 bullfrog skeletons
  Jessica (D:2)
  13 iguanas
  13 worker ants
  Robin (D:2)
  15 adders
  8 gnolls
  2 river rats (D:8)
  3 shadow imps
  An ooze (D:5)
  An adder skeleton (D:5)
  2 adder zombies
  A worm (D:2)
  A dart slug (D:1)
  2 leopard geckos
  39 orcs
  3 giant cockroaches
  14 goblins
  7 hobgoblins
  22 jackals
  2 quokkas
  A ball python (D:7)
  3 bats (D:3)
  A frilled lizard (D:4)
  6 kobolds
  2 rats (D:1)
  4 plants
556 creatures vanquished.

Vanquished Creatures (others)
  8 fungi (Lair:6)
  2 plants
10 creatures vanquished.

Grand Total: 566 creatures vanquished

Notes
Turn   | Place    | Note
-------+----------+-------------------------------------------
     0 | D:1      | Gruud the Demonspawn Assassin began the quest for the Orb.
     0 | D:1      | Reached XP level 1. HP: 16/16 MP: 1/1
   628 | D:1      | Gained mutation: You are partially covered in iridescent scales. (AC +2) [demonic ancestry]
   628 | D:1      | Reached XP level 2. HP: 20/23 MP: 2/2
  1278 | D:2      | Reached XP level 3. HP: 17/29 MP: 3/3
  1477 | D:2      | Noticed Robin
  1478 | D:2      | Noticed Jessica
  1625 | D:2      | Killed Robin
  1665 | D:2      | Killed Jessica
  1665 | D:2      | Reached XP level 4. HP: 35/38 MP: 4/4
  2120 | D:3      | Reached skill level 5 in Fighting
  2220 | D:4      | Reached XP level 5. HP: 44/44 MP: 5/5
  2469 | D:3      | Found an iron altar of Okawaru.
  2482 | D:3      | Became a worshipper of Warmaster Okawaru
  2600 | D:4      | Reached skill level 1 in Invocations
  2616 | D:4      | Noticed an ogre
  2638 | D:4      | Killed an ogre
  2638 | D:4      | Gained mutation: You have sharp fingernails. [demonic ancestry]
  2638 | D:4      | Reached XP level 6. HP: 34/52 MP: 5/7
  2712 | D:4      | Upgraded the game from 0.19-a0-1861-g35def1e to 0.19-a0-1875-g4fea3da
  2760 | D:4      | Noticed Armakuni's ghost (novice VSFi)
  2827 | D:4      | Noticed Edmund
  2856 | D:4      | Killed Edmund
  2856 | D:4      | Reached * piety under Okawaru
  2856 | D:4      | Reached skill level 1 in Unarmed Combat
  2943 | D:5      | Entered Level 5 of the Dungeon
  3023 | D:5      | Found a hide-covered altar of Uskayaw.
  3024 | D:5      | Found a stormy altar of Qazlal.
  3032 | D:5      | Gained mutation: You are partially covered in sharp spines. [demonic ancestry]
  3032 | D:5      | Reached XP level 7. HP: 41/58 MP: 9/9
  3162 | D:5      | Upgraded the game from 0.19-a0-1875-g4fea3da to 0.19-a0-1882-gbb73ea0
  3207 | D:6      | Found a staircase to the Ecumenical Temple.
  3398 | D:4      | Noticed Sigmund
  3408 | D:4      | Killed Sigmund
  3438 | D:4      | Reached skill level 5 in Invocations
  3519 | D:4      | Got a scorched flail
  3520 | D:4      | Identified the +8 flail "Newtslayer" {freeze, rPois rN+} (You found it on level 4 of the Dungeon)
  3861 | D:6      | Found a radiant altar of Vehumet.
  4148 | D:7      | Found Leczad's Weapon Shop.
  4160 | D:7      | Reached skill level 5 in Unarmed Combat
  4160 | D:7      | Gained mutation: You are immune to rotting. [demonic ancestry]
  4160 | D:7      | Reached XP level 8. HP: 56/64 MP: 10/12
  4195 | D:8      | Reached ** piety under Okawaru
  4295 | D:7      | Found a glowing silver altar of Zin.
  4295 | D:7      | Noticed an angel
  4462 | D:7      | Noticed a gargoyle
  4573 | D:8      | Found a staircase to the Lair.
  4668 | D:8      | Gained mutation: You are mostly covered in iridescent scales. (AC +4) [demonic ancestry]
  4668 | D:8      | Reached XP level 9. HP: 40/69 MP: 14/14
  4707 | D:8      | Reached *** piety under Okawaru
  4882 | D:8      | Found Wovvufe's Distillery.
  4896 | D:8      | Bought a potion of lignification for 36 gold pieces
  4896 | D:8      | Bought a potion of haste for 120 gold pieces
  4896 | D:8      | Bought a potion of berserk rage for 60 gold pieces
  5153 | D:8      | Got a transparent trident
  5154 | D:8      | Identified the +0 trident "Zutaf" {flame, Int+5} (You found it on level 8 of the Dungeon)
  5337 | D:8      | Upgraded the game from 0.19-a0-1882-gbb73ea0 to 0.19-a0-1886-gd64a0f0
  5481 | D:9      | Reached **** piety under Okawaru
  5951 | D:9      | Found an opulent altar of Gozag.
  5960 | D:9      | Gained mutation: You may emit foul miasma when damaged in melee. [demonic ancestry]
  5960 | D:9      | Reached XP level 10. HP: 59/76 MP: 17/17
  5968 | D:9      | Gained mutation: You have an increased reservoir of magic. (+10% MP) [mutagenic meat]
  5971 | D:9      | Gained mutation: You expend magic power (3 MP) to strengthen your wands. [mutagenic meat]
  5974 | D:9      | Gained mutation: You have sharp toenails. [mutagenic meat]
  5977 | D:9      | Gained mutation: You are covered in fur. (AC +1) [mutagenic meat]
  6099 | D:9      | Reached ***** piety under Okawaru
  6099 | D:9      | Reached skill level 10 in Invocations
  6120 | D:10     | Entered Level 10 of the Dungeon
  6221 | D:9      | Found a snail-covered altar of Cheibriados.
  6221 | D:9      | Found a white marble altar of Elyvilon.
  6298 | D:9      | Reached skill level 10 in Unarmed Combat
  6305 | D:9      | Received a gift from Okawaru
  6379 | D:10     | Noticed a five-headed hydra
  6392 | D:10     | Killed a five-headed hydra
  6706 | D:9      | Received a gift from Okawaru
  6709 | D:9      | Got a jewelled ring mail {god gift}
  6720 | D:9      | Identified the +6 ring mail of Lemnu {rCorr} (Okawaru gifted it to you on level 9 of the Dungeon)
  6751 | D:10     | Reached skill level 1 in Dodging
  6823 | D:10     | Gained mutation: Your spells are a little harder to cast, but a little more powerful. [mutagenic meat]
  6826 | D:10     | Lost mutation: You expend magic power (3 MP) to strengthen your wands. [mutagenic meat]
  7013 | D:10     | Found Ypreny's Distillery.
  7079 | D:10     | Found a staircase to the Orcish Mines.
  7115 | D:10     | Noticed Josephine
  7147 | D:10     | Killed Josephine
  7170 | D:10     | Gained mutation: You have very sharp fingernails. [demonic ancestry]
  7170 | D:10     | Reached XP level 11. HP: 49/84 MP: 16/21
  7538 | D:10     | Noticed a brown ugly thing
  7549 | D:10     | Killed a brown ugly thing
  7556 | D:10     | Gained mutation: You are agile. (Dex +2) [mutagenic meat]
  7866 | D:10     | Killed an unseen horror
  7979 | D:10     | Noticed a centaur warrior
  7988 | D:10     | Killed a centaur warrior
  7993 | D:10     | Received a gift from Okawaru
  8309 | D:11     | Noticed a four-headed hydra
  8309 | D:11     | Noticed a hill giant
  8319 | D:11     | Killed a four-headed hydra
  8324 | D:11     | Killed a hill giant
  8404 | D:11     | Noticed a skeletal warrior
  8404 | D:11     | Noticed a skeletal warrior
  8404 | D:11     | Noticed a skeletal warrior
  8407 | D:11     | Noticed a skeletal warrior
  8407 | D:11     | Noticed a skeletal warrior
  8422 | D:11     | Killed a skeletal warrior
  8450 | D:11     | Killed a skeletal warrior
  8465 | D:11     | Killed a skeletal warrior
  8475 | D:11     | Killed a skeletal warrior
  8490 | D:11     | Killed a skeletal warrior
  8490 | D:11     | Gained mutation: You are mostly covered in sharp spines. [demonic ancestry]
  8490 | D:11     | Reached XP level 12. HP: 43/94 MP: 20/23
  8585 | D:11     | Reached skill level 5 in Dodging
  8690 | D:11     | Got a faintly glowing cloak
  8701 | D:11     | Identified the +1 cloak of the Pink Corner {Str+3} (You found it on level 11 of the Dungeon)
  9469 | D:12     | Gained mutation: You are somewhat resistant to further mutation. [mutagenic meat]
  9645 | D:12     | Noticed Snorg
  9667 | D:12     | Killed Snorg
  9667 | D:12     | Reached ****** piety under Okawaru
 10027 | D:12     | Noticed Harold
 10041 | D:12     | Killed Harold
 10139 | D:12     | Found Kiyruew's Assorted Antiques.
 10146 | D:12     | Bought a scroll of identify for 42 gold pieces
 10146 | D:12     | Bought a leatherbound book for 315 gold pieces
 10150 | D:12     | Learned a level 2 spell: Swiftness
 10153 | D:12     | Learned a level 2 spell: Repel Missiles
 10367 | D:12     | Noticed Frances
 10397 | D:12     | Killed Frances
 10661 | D:12     | Received a gift from Okawaru
 10764 | D:12     | Noticed Maurice
 10775 | D:12     | Killed Maurice
 10775 | D:12     | Reached XP level 13. HP: 40/101 MP: 25/25
 11165 | Lair:1   | Entered Level 1 of the Lair of Beasts
 11186 | Lair:1   | Reached skill level 1 in Evocations
 11379 | Lair:1   | Found a sparkling altar of Nemelex Xobeh.
 11623 | Lair:2   | Received a gift from Okawaru
 11690 | Lair:1   | Learned a level 2 spell: Blink
 12088 | Lair:2   | Reached skill level 10 in Fighting
 12130 | Lair:2   | Found a hole to the Spider Nest.
 12438 | Lair:2   | Got a heavily runed copper ring
 12440 | Lair:2   | Identified the ring "Ishrilao" {rElec rPois Str+4 Int+4} (You found it on level 2 of the Lair of Beasts)
 12833 | Lair:3   | Found a staircase to the Shoals.
 13096 | Lair:3   | Reached skill level 5 in Evocations
 13616 | Lair:3   | Received a gift from Okawaru
 14324 | Lair:4   | Received a gift from Okawaru
 14426 | Lair:6   | Entered Level 6 of the Lair of Beasts
 14597 | Lair:5   | Found a staircase to the Slime Pits.
 14978 | Lair:6   | Gained mutation: You have claws for hands. [demonic ancestry]
 14978 | Lair:6   | Reached XP level 14. HP: 113/113 MP: 24/26
 16465 | Lair:6   | Upgraded the game from 0.19-a0-1886-gd64a0f0 to 0.19-a0-1889-g9c603be
 16698 | Orc:1    | Entered Level 1 of the Orcish Mines
 16708 | Orc:1    | Found Elytercha's Weapon Boutique.
 16861 | Orc:1    | Noticed anet's ghost (journeyman HEWz)
 16869 | Orc:1    | Killed anet's ghost
 16876 | Orc:1    | Reached skill level 10 in Evocations
 16887 | Orc:2    | Entered Level 2 of the Orcish Mines
 16906 | Orc:2    | Found a staircase to the Elven Halls.
 16927 | Orc:1    | Received a gift from Okawaru
 16952 | Orc:1    | Got a jewelled dagger {god gift}
 16953 | Orc:1    | Identified the +1 dagger of Fintam {elec, rElec MR- Int+7} (Okawaru gifted it to you on level 1 of the Orcish Mines)
 17216 | Orc:2    | Found Kipinet's Book Shop.
 17357 | Orc:2    | Found Qij Xuas's Antique Weapon Shoppe.
 17419 | Orc:2    | Noticed an orc warlord
 17441 | Orc:2    | Killed an orc warlord
 17547 | Orc:2    | Found Duocs's General Store.
 17643 | Orc:2    | Bought a scroll of blinking for 127 gold pieces
 17721 | Orc:2    | Found Wasuir Vace's Antique Armour Boutique.
 17729 | Orc:2    | Bought an ancient ring mail for 171 gold pieces
 17729 | Orc:2    | Bought a bloodstained ring mail for 171 gold pieces
 17741 | Orc:2    | Identified the +1 ring mail of Daffodils {rF- Regen+ Int+4} (You bought it in a shop on level 2 of the Orcish Mines)
 17798 | Orc:2    | Identified the +4 ring mail of the Turtle {rF+} (You bought it in a shop on level 2 of the Orcish Mines)
 17924 | Orc:2    | Upgraded the game from 0.19-a0-1889-g9c603be to 0.19-a0-1895-g783e625
 18074 | Lair:1   | Received a gift from Okawaru
 18077 | Lair:1   | Got a transparent hunting sling {god gift}
 18078 | Lair:1   | Identified the +5 hunting sling "Xyle" {speed, +Inv rN+ MR- Str+6} (Okawaru gifted it to you on level 1 of the Lair of Beasts)
 18283 | Shoals:1 | Entered Level 1 of the Shoals
 18309 | Shoals:1 | HP: 4/115 [merfolk javelineer/silver javelin (4)]
 18313 | Shoals:1 | Hit by a silver javelin thrown by a merfolk javelineer

Vault maps used:
D:1:      co_arrival_random_square_maze
D:2:      uniq_robin, uniq_jessica
D:3:      okawaru_altar_gauntlet_db
D:4:      kennysheep_kobold_camp, uniq_edmund, uniq_sigmund
D:5:      gammafunk_temple_overflow_statue, first_bread,
          minmay_large_rounded_square
D:6:      kennysheep_little_box, basic_altar
D:7:      minmay_cornered_nines, zin_angel, serial_shops, shop
D:8:      minmay_lair_entry_grove, serial_shops, nicolae_shop_crystal
D:9:      nicolae_overflow_crystal_walls, gammafunk_temple_overflow_pools,
          serial_glass, glass_columns_b, glass_columns_c, glass_columns_b,
          glass_columns_c
D:10:     minmay_quarter_circles, minmay_orc_entry_guard_dogs, serial_shops,
          nicolae_shop_trees, grunt_livestock, uniq_josephine
D:11:     kennysheep_minor_cross
D:12:     serial_shops, shop, minmay_joined_circles, uniq_maurice, uniq_snorg,
          uniq_frances, uniq_harold
Lair:1:   basic_altar, st_stairs_8, minivault_11, infiniplex_staircase_pool
Lair:2:   nicolae_spider_entry_tight_spaces, hibernation_bobbens
Lair:3:   elwin_shoals_entry_rocks, grunt_megastairs_5, lemuel_fruit_tree,
          serial_bayou_shore_b, lemuel_fruit_fields, serial_bayou_shore_b
Lair:4:   dpeg_oklob_gauntlet, nicolae_lair_grove_arrangements
Lair:5:   minmay_slime_entry_pillars, nicolae_quartered_pool_super
Lair:6:   due_jungle_book, guppyfry_lair_drakes
Shoals:1: portal_ice_cave_entry_dragon, uniq_kirke
Orc:1:    serial_shops, nicolae_shop_statue_plus
Orc:2:    grunt_orc_gardens, grunt_orc_garden, grunt_orc_garden,
          grunt_orc_garden, grunt_orc_garden

Skill      XL: |  1  2  3  4  5  6  7  8  9 10 11 12 13 14 |
---------------+-------------------------------------------+-----
Fighting       | 3 4 5 6 7 8 9 11 12 | 12.1
Invocations    | 2 3 5 7 9 11 12 13 | 13.8
Unarmed Combat | 2 5 7 9 11 12 13 | 13.6
Dodging        | 2 4 6 8 9 |  9.7
Evocations     | 7 11 | 11.0
Short Blades   | |  1.7
Throwing       | |  1.7
Stealth        | |  3.6

Action                   |  1- 3 |  4- 6 |  7- 9 | 10-12 | 13-15 || total
-------------------------+-------+-------+-------+-------+-------++-------
Melee: Dagger            |    79 |   123 |    61 |       |       ||   263
       Flail             |       |       |   170 |    47 |       ||   217
       Punch             |       |       |     5 |    51 |    90 ||   146
       Unarmed           |       |       |       |   522 |   796 ||  1318
       Kick              |       |       |       |   201 |       ||   201
 Fire: Blowgun           |     9 |    35 |    24 |    14 |    21 ||   103
Throw: Tomahawk          |       |       |       |    17 |     3 ||    20
       Javelin           |       |       |       |       |     5 ||     5
Invok: Heroism           |       |       |     4 |    17 |    17 ||    38
       Finesse           |       |       |       |     7 |     3 ||    10
Evoke: Wand              |       |       |       |     8 |    16 ||    24
  Use: Scroll            |     5 |       |     3 |    10 |    21 ||    39
       Potion            |       |       |       |     2 |     4 ||     6
 Stab: Sleeping          |     4 |     7 |    13 |     5 |     9 ||    38
       Distracted        |       |     1 |     1 |     2 |     1 ||     5
  Eat: Bread ration      |     1 |       |       |       |       ||     1
       Chunk             |       |     2 |    10 |    20 |    35 ||    67
       Fruit             |       |       |       |     2 |       ||     2
       Beef jerky        |       |       |       |     2 |       ||     2
       Royal jelly       |       |       |       |     1 |       ||     1
Armor: Leather armour    |    14 |    37 |    81 |    19 |       ||   151
       Ring mail         |       |       |       |   147 |   179 ||   326
Dodge: Dodged            |    24 |    64 |   118 |   247 |   415 ||   868
